Map: Ruins of Seras

Players

Neeb

  • Race: Protoss Protoss
  • League: Grandmaster

speaknow (ByuN) - Winner!

  • Race: Terran Terran
  • League: Platinum

VOD

Have the link to the VOD?

Description

Time

  • Played on: Dec. 14, 2015, 8:23 p.m.
  • Length: 10:07
Show
View Real Time Build Order
Export as new Build Order

Neeb Protoss 

Build Orders: 1 Gate Expand 

Get SALT Encoding   

  12  0:00  Probe (Chrono Boost)  
  13  0:11  Probe (Chrono Boost)  
  14  0:17  Pylon  
  14  0:22  Probe (Chrono Boost)  
  15  0:35  Probe (Chrono Boost)  
  16  0:37  Gateway  
  16  0:46  Probe (Chrono Boost)  
  17  0:56  Probe (Chrono Boost)  
  18  0:57  Assimilator  
  18  1:07  Probe (Chrono Boost)  
  19  1:17  Probe (Chrono Boost)  
  20  1:23  Nexus  
  20  1:33  Cybernetics Core  
  20  1:36  Probe (Chrono Boost)  
  21  1:42  Assimilator  
  21  1:47  Probe (Chrono Boost)  
  22  1:55  Pylon  
  22  1:58  Probe (Chrono Boost)  
  23  2:06  Warp Gate (Chrono Boost)  
  23  2:13  Probe, Adept (Chrono Boost)  
  26  2:26  Mothership Core (Chrono Boost)  
  28  2:35  Probe (Chrono Boost)  
  29  2:39  Adept (Chrono Boost)  
  31  2:46  Probe (Chrono Boost)  
  31  2:47  Probe (Chrono Boost), Robotics Facility  
  33  2:56  Probe (Chrono Boost)  
  33  2:57  Probe (Chrono Boost)  
  33  3:05  Probe (Chrono Boost)  
  33  3:08  Probe  
  33  3:12  Gateway  
  35  3:14  Gateway  
  35  3:16  Probe  
  36  3:20  Probe  
  37  3:27  Probe  
  37  3:32  Probe  
  37  3:34  Pylon  
  39  3:35  Observer (Chrono Boost)  
  39  3:39  Probe  
  41  3:43  Pylon  
  41  3:44  Probe  
  42  3:52  Probe (Chrono Boost), Observer (Chrono Boost)  
  44  3:56  Probe (Chrono Boost)  
  45  4:05  Probe (Chrono Boost)  
  45  4:09  Stalker x2  
  49  4:10  Stalker  
  49  4:12  Probe (Chrono Boost)  
  49  4:16  Observer  
  46  4:19  Probe (Chrono Boost)  
  47  4:28  Probe (Chrono Boost)  
  48  4:33  Stalker x2, Probe (Chrono Boost)  
  50  4:38  Probe (Chrono Boost)  
  51  4:47  Probe (Chrono Boost)  
  51  4:51  Stargate  
  51  4:53  Probe (Chrono Boost)  
  51  4:59  Probe (Chrono Boost)  
  53  5:02  Assimilator  
  53  5:05  Probe (Chrono Boost), Observer  
  52  5:08  Assimilator  
  52  5:11  Probe (Chrono Boost)  
  54  5:15  Probe (Chrono Boost)  
  54  5:20  Pylon  
  55  5:23  Probe (Chrono Boost)  
  55  5:26  Probe (Chrono Boost), Pylon, Immortal  
  57  5:34  Probe (Chrono Boost)  
  62  5:38  Probe (Chrono Boost)  
  62  5:40  Pylon, Phoenix (Chrono Boost)  
  65  5:45  Probe  
  66  5:51  Sentry  
  66  5:55  Stalker  
  66  5:56  Stalker  
  72  6:02  Phoenix (Chrono Boost)  
  74  6:09  Gateway  
  74  6:10  Gateway  
  73  6:24  Gateway  
  73  6:26  Gateway  
  73  6:33  Immortal  
  73  6:34  Phoenix (Chrono Boost)  
  79  6:40  Sentry  
  79  6:46  Pylon  
  81  6:55  Phoenix (Chrono Boost)  
  83  7:05  Twilight Council  
  83  7:09  Warp Prism  
  83  7:10  Nexus  
  85  7:21  Sentry, Adept  
  85  7:22  Adept  
  91  7:30  Pylon  
  91  7:32  Pylon  
  91  7:40  Adept  
  93  7:48  Probe x2  
  93  7:49  Adept x4  
  89  8:25  Sentry x2, Adept  
  89  8:26  Adept x3  
  101  8:27  Immortal  
  103  8:34  Pylon  
  103  8:41  Nexus  
  103  8:43  Probe x2  
  105  8:48  Stalker x2  
  105  8:59  Adept x3  
  88  9:07  Immortal  
  72  9:16  Sentry x2, Stalker x2  
  82  9:38  Sentry  
  82  9:39  Stalker  
  82  9:43  Nexus  
Show
View Real Time Build Order
Export as new Build Order

speaknow Terran - Winner!

Build Orders: 1/1/1, Liberator Opening, Bio Tank, MMM Bio 

Get SALT Encoding   

  12  0:01  SCV  
  13  0:13  SCV  
  14  0:17  Supply Depot  
  14  0:25  SCV  
  15  0:39  SCV  
  15  0:41  Barracks  
  16  0:44  Refinery  
  16  0:51  SCV  
  16  0:56  Refinery  
  17  1:03  SCV  
  18  1:15  SCV  
  19  1:28  Orbital Command, Marine  
  20  1:34  Factory  
  20  1:46  Barracks Reactor  
  20  1:48  Supply Depot  
  20  1:53  SCV  
  21  2:06  SCV  
  22  2:18  SCV  
  22  2:19  Starport  
  22  2:21  Widow Mine  
  25  2:23  Marine  
  25  2:24  Marine  
  27  2:32  Supply Depot  
  27  2:35  SCV  
  28  2:43  Marine x2  
  30  2:47  SCV  
  31  2:53  Widow Mine  
  31  2:55  Medivac  
  35  3:02  Supply Depot  
  35  3:04  Marine  
  36  3:08  SCV, Liberator  
  40  3:36  Command Center  
  40  3:40  SCV  
  41  3:44  Factory Tech Lab  
  41  3:49  Supply Depot  
  41  3:52  Marine x2  
  44  3:55  SCV  
  44  4:08  Liberator  
  44  4:09  Marine  
  44  4:10  Marine  
  44  4:14  SCV  
  47  4:22  Siege Tank  
  49  4:27  Marine  
  49  4:31  SCV  
  54  4:35  Marine  
  50  4:43  SCV  
  50  4:45  Marine  
  47  4:49  Orbital Command  
  48  4:55  SCV  
  48  4:56  Marine  
  48  5:03  Marine  
  46  5:08  Siege Tank  
  50  5:15  SCV x2  
  50  5:20  Starport Reactor  
  51  5:22  Marine x2  
  51  5:23  Barracks  
  51  5:27  SCV x2  
  55  5:31  Barracks  
  55  5:39  SCV x2  
  58  5:45  Engineering Bay  
  58  5:50  Marine x2  
  58  5:51  SCV x2  
  58  5:53  Siege Tank  
  64  6:03  SCV x2, Starport Reactor  
  66  6:09  Marine x2  
  68  6:15  SCV x2  
  68  6:16  Refinery  
  68  6:18  Barracks Tech Lab  
  70  6:19  Terran Infantry Weapons Level 1  
  70  6:20  Supply Depot  
  70  6:24  Supply Depot  
  67  6:27  SCV  
  67  6:28  SCV, Supply Depot  
  67  6:31  Marine x4  
  73  6:37  Marine  
  73  6:38  Stimpack  
  73  6:39  Medivac x2  
  78  6:42  SCV x2  
  78  6:43  Missile Turret  
  78  6:46  Supply Depot  
  80  6:50  Supply Depot  
  80  6:55  Marine x3  
  80  6:56  Marine  
  80  6:58  Marine  
  85  7:04  Siege Tank  
  88  7:15  Command Center  
  88  7:18  Marine x3  
  88  7:19  Marine  
  88  7:22  Marine  
  92  7:32  Barracks  
  92  7:34  SCV x2  
  92  7:37  Barracks  
  94  7:47  Marine x4  
  100  7:51  Marauder  
  100  7:52  Siege Tank  
  100  7:55  Medivac x2  
  104  8:10  Marine x2  
  104  8:11  Marine x2  
  104  8:12  Marauder  
  94  8:23  Barracks Tech Lab x2  
  94  8:25  Medivac x2  
  94  8:26  Siege Tank  
  98  8:31  Refinery  
  98  8:33  Orbital Command  
  98  8:34  Marauder  
  101  8:35  Marine x3  
  101  8:39  Combat Shields  
  103  8:46  Marine x2  
  99  8:57  Marine x2  
  99  9:02  SCV x2, Marine  
  93  9:03  Marine  
  93  9:06  Marine x2  
  93  9:09  Orbital Command  
  93  9:14  SCV x2, Marine  
  93  9:15  Marine  
  97  9:17  Siege Tank  
  97  9:20  Marine  
  97  9:21  Marine  
  102  9:24  Medivac x2  
  102  9:26  SCV x2  
  102  9:29  Marine x2  
  102  9:30  Marine  
  109  9:32  Marine  
  109  9:33  Marine  
  109  9:38  SCV, Marine  
  111  9:39  SCV, Marine  
  111  9:40  SCV  
  111  9:47  Marine x3  
Tags
 
Add a new tag
Caveats
  • Supply blocks, unpowered buildings, or Contaminate may cause inaccurate times.
  • Supply counts are checked every 10 seconds.